Map: King Sejong Station LE

Players

Foromil

  • Race: Protoss Protoss
  • League: Silver

Jokyck - Winner!

  • Race: Terran Terran
  • League: Silver

VOD

Have the link to the VOD?

Description

Time

  • Played on: Aug. 11, 2016, 7:40 p.m.
  • Length: 22:54
Show
View Real Time Build Order
Export as new Build Order

Foromil Protoss 

Build Orders: 1 Gate Expand 

Get SALT Encoding   

  12  0:01  Probe (Chrono Boost)  
  13  0:11  Probe (Chrono Boost)  
  14  0:19  Pylon  
  14  0:26  Probe (Chrono Boost)  
  15  0:34  Assimilator  
  15  0:43  Gateway  
  15  0:46  Probe (Chrono Boost)  
  16  1:01  Probe (Chrono Boost)  
  17  1:13  Probe (Chrono Boost)  
  18  1:24  Probe (Chrono Boost)  
  19  1:36  Nexus  
  19  1:47  Cybernetics Core  
  19  1:50  Assimilator  
  19  1:52  Probe (Chrono Boost)  
  20  2:02  Probe (Chrono Boost)  
  21  2:13  Probe (Chrono Boost)  
  22  2:22  Pylon  
  22  2:23  Pylon  
  22  2:25  Probe (Chrono Boost)  
  22  2:26  Warp Gate  
  23  2:40  Stalker  
  23  2:41  Mothership Core (Chrono Boost)  
  27  2:48  Forge  
  27  3:00  Probe x2 (Chrono Boost)  
  29  3:10  Probe (Chrono Boost)  
  29  3:11  Sentry  
  32  3:17  Pylon  
  32  3:19  Probe (Chrono Boost)  
  33  3:21  Protoss Ground Armor Level 1, Probe (Chrono Boost)  
  34  3:37  Probe (Chrono Boost)  
  34  3:38  Probe (Chrono Boost)  
  36  3:42  Sentry  
  38  3:56  Gateway x2  
  31  4:23  Probe x2 (Chrono Boost)  
  33  4:30  Stalker  
  35  4:38  Twilight Council  
  35  4:48  Pylon x2  
  35  4:50  Probe x2 (Chrono Boost)  
  37  4:54  Stalker  
  37  4:57  Sentry  
  37  4:58  Sentry  
  43  5:07  Robotics Facility  
  43  5:10  Probe x2 (Chrono Boost)  
  45  5:18  Gateway  
  45  5:20  Gateway  
  45  5:21  Probe x2 (Chrono Boost)  
  47  5:23  Stalker  
  47  5:24  Sentry  
  51  5:29  Stalker  
  53  5:48  Assimilator  
  55  5:50  Probe x2 (Chrono Boost)  
  55  5:59  Observer  
  56  6:07  Probe x2 (Chrono Boost)  
  58  6:17  Stalker x3  
  64  6:27  Protoss Ground Weapons Level 1  
  64  6:35  Forge  
  64  6:42  Photon Cannon  
  64  6:46  Photon Cannon  
  64  6:51  Photon Cannon  
  64  6:52  Probe x2 (Chrono Boost)  
  64  6:53  Stalker  
  64  6:54  Stalker x2  
  70  6:55  Stalker  
  73  7:07  Immortal  
  77  7:27  Nexus  
  77  7:31  Pylon  
  77  7:37  Probe (Chrono Boost)  
  77  7:40  Assimilator  
  78  7:49  Probe (Chrono Boost)  
  57  8:08  Stalker  
  57  8:09  Sentry, Stalker x2  
  57  8:10  Sentry  
  67  8:16  Immortal  
  71  8:23  Protoss Ground Weapons Level 2  
  71  8:26  Protoss Ground Armor Level 2  
  71  9:05  Probe x3 (Chrono Boost)  
  74  9:10  Stalker x3  
  74  9:11  Stalker  
  74  9:12  Sentry  
  74  9:13  Blink  
  75  9:41  Stalker x3  
  75  9:42  Stalker  
  83  10:04  Probe (Chrono Boost)  
  83  10:05  Probe x2 (Chrono Boost)  
  86  10:11  Stalker x2  
  86  10:12  Sentry, Stalker x2  
  96  10:22  Immortal  
  100  10:29  Pylon  
  100  10:31  Pylon  
  100  10:33  Pylon  
  100  10:39  Assimilator  
  100  10:44  Assimilator  
  100  10:51  Stalker  
  100  10:52  Sentry, Stalker x3  
  100  10:53  Gateway  
  100  10:56  Gateway x2  
  110  11:02  Pylon  
  110  11:04  Pylon  
  110  11:06  Immortal  
  114  11:17  Probe (Chrono Boost)  
  117  11:18  Probe x2 (Chrono Boost)  
  117  11:20  Pylon  
  117  11:24  Pylon  
  117  11:28  Photon Cannon  
  117  11:30  Photon Cannon  
  117  11:33  Stalker  
  117  11:35  Photon Cannon, Sentry  
  121  11:40  Sentry x2  
  121  11:41  Sentry  
  127  12:01  Stalker x3  
  127  12:02  Stalker  
  127  12:04  Stalker  
  137  12:16  Warp Prism  
  107  12:58  Stalker x4  
  95  12:59  Stalker x2  
  101  13:21  Stalker x2  
  101  13:22  Stalker x3  
  101  13:25  Stalker  
  113  13:30  Probe (Chrono Boost)  
  113  13:31  Probe x2 (Chrono Boost)  
  116  13:47  Pylon x2  
  116  13:49  Pylon  
  88  14:58  Stalker x4  
  88  14:59  Stalker  
  86  15:00  Sentry  
  86  15:01  Sentry  
  86  15:05  Stalker  
  42  15:29  Stalker  
  42  15:30  Stalker x2  
  42  15:44  Probe (Chrono Boost)  
  42  15:46  Probe x2 (Chrono Boost)  
  45  15:55  Probe (Chrono Boost)  
  48  15:58  Probe x2 (Chrono Boost)  
  48  16:05  Probe (Chrono Boost)  
  48  16:10  Probe x2 (Chrono Boost)  
  51  16:16  Probe (Chrono Boost)  
  51  16:18  Stalker x4  
  58  16:19  Stalker  
  58  16:20  Stalker x3  
  58  16:22  Immortal, Probe (Chrono Boost)  
  73  16:57  Robotics Bay  
  73  17:00  Probe (Chrono Boost)  
  76  17:01  Probe x2 (Chrono Boost)  
  76  17:05  Photon Cannon  
  76  17:08  Photon Cannon  
  76  17:12  Photon Cannon, Stalker  
  76  17:13  Stalker x2  
  82  17:39  Stalker x2  
  82  17:40  Stalker x2  
  82  17:41  Sentry  
  92  18:23  Nexus  
  92  18:26  Pylon  
  92  18:29  Pylon  
  92  18:32  Pylon  
  92  18:37  Stalker  
  92  18:38  Stalker x4  
  92  18:39  Sentry  
  104  19:31  Nexus  
  104  19:34  Pylon  
  104  19:38  Pylon  
  104  19:40  Pylon  
  104  19:49  Stalker x4  
  104  19:50  Stalker  
  104  19:51  Sentry  
  104  19:52  Sentry x2  
  72  20:14  Stalker  
  72  20:15  Stalker x5  
  72  20:17  Sentry x2  
  76  20:31  Probe (Chrono Boost)  
  76  20:32  Probe (Chrono Boost)  
  76  20:33  Probe (Chrono Boost)  
  79  20:51  Stalker x3  
  79  20:52  Stalker x3  
  91  21:10  Probe (Chrono Boost)  
  91  21:11  Probe x2 (Chrono Boost)  
  94  21:14  Assimilator  
  94  21:18  Stalker x3, Assimilator  
  100  21:20  Probe (Chrono Boost)  
  100  21:22  Sentry x2  
  100  21:23  Probe x2 (Chrono Boost)  
  107  21:31  Immortal  
  111  21:47  Assimilator  
  111  21:50  Stalker x4  
  111  21:51  Assimilator  
  111  21:52  Sentry x2  
  123  21:55  Sentry  
  123  21:56  Sentry  
  115  22:22  Stalker x3  
  109  22:23  Stalker x3  
Show
View Real Time Build Order
Export as new Build Order

Jokyck Terran - Winner!

Build Orders:  

Get SALT Encoding   

  12  0:03  SCV  
  13  0:15  SCV  
  14  0:22  Supply Depot  
  14  0:28  SCV  
  15  0:33  Supply Depot  
  15  0:44  SCV  
  15  0:49  Barracks  
  16  1:00  Refinery  
  16  1:07  SCV  
  16  1:08  Refinery  
  17  1:19  SCV  
  17  1:22  Barracks  
  18  1:31  SCV  
  19  1:43  SCV  
  20  1:55  SCV  
  21  2:01  Bunker  
  21  2:03  Barracks Reactor  
  22  2:08  SCV  
  22  2:12  Reaper  
  23  2:20  SCV  
  23  2:22  Factory  
  24  2:42  Reaper  
  24  2:43  Reaper  
  24  2:44  Reaper  
  27  2:45  Supply Depot  
  27  3:07  Factory Tech Lab  
  27  3:15  Command Center  
  27  3:18  SCV  
  28  3:27  Marine x2  
  28  3:31  Barracks Tech Lab  
  30  3:39  Engineering Bay, Siege Tank  
  33  3:46  Orbital Command  
  29  4:21  SCV  
  30  4:26  Marine x2, Marauder  
  34  4:34  SCV  
  35  4:39  Bunker  
  35  4:46  SCV  
  35  4:47  Bunker  
  35  4:50  Missile Turret  
  35  4:52  Marine x3  
  39  4:55  SCV  
  39  4:58  SCV  
  41  5:10  Marine x2, SCV  
  44  5:16  Refinery  
  44  5:22  SCV  
  44  5:26  SCV  
  44  5:27  Refinery  
  46  5:34  SCV  
  47  5:37  Missile Turret  
  47  5:38  Marine x3, SCV  
  51  5:46  SCV  
  52  5:50  SCV  
  52  5:52  Siege Tank  
  52  5:56  Marine  
  57  5:58  SCV  
  57  6:02  SCV  
  59  6:10  SCV  
  60  6:14  SCV, Terran Infantry Weapons Level 1  
  60  6:17  Starport  
  61  6:22  SCV  
  62  6:28  Engineering Bay  
  62  6:38  Missile Turret  
  62  6:46  SCV x2  
  64  6:54  Supply Depot  
  64  6:55  Starport Reactor  
  64  6:58  SCV x2  
  64  7:00  Missile Turret  
  66  7:01  Marine  
  66  7:02  Marine x2, Supply Depot  
  69  7:10  SCV  
  70  7:17  SCV  
  70  7:19  Marine x3  
  74  7:24  Liberator  
  74  7:25  Liberator  
  74  7:28  Armory  
  74  7:30  Terran Infantry Armor Level 1, Starport  
  74  7:37  Marine x3  
  83  7:47  Planetary Fortress  
  80  7:55  Marine x2  
  80  8:08  Hi-Sec Auto Tracking  
  80  8:18  Bunker  
  80  8:21  Siege Tank  
  80  8:24  Medivac  
  80  8:25  Starport Tech Lab  
  85  8:34  Missile Turret  
  85  8:35  Terran Vehicle And Ship Armor Level 1  
  85  8:36  Armory  
  85  8:42  Medivac  
  87  8:53  Siege Tank  
  87  8:55  Missile Turret  
  90  9:05  Building Armor  
  90  9:10  High Capacity Fuel Tanks  
  90  9:11  Raven  
  92  9:17  Bunker  
  92  9:24  Neosteel Frame  
  89  9:37  Liberator  
  86  9:53  Medivac x2  
  93  10:09  Missile Turret  
  93  10:18  Marine x3  
  96  10:23  Medivac x2  
  96  10:28  Liberator  
  100  10:36  Marine x2  
  100  10:37  Missile Turret  
  102  10:43  Terran Infantry Weapons Level 2  
  102  10:44  Terran Infantry Armor Level 2  
  102  10:45  Marine  
  106  10:54  Marine x2  
  108  10:58  Missile Turret  
  108  11:00  Missile Turret  
  108  11:03  Marine, Command Center  
  109  11:11  Marine  
  110  12:07  Supply Depot  
  110  12:09  Supply Depot  
  110  12:14  Marine x3  
  110  12:15  Medivac x3  
  119  12:32  Marine x3  
  116  12:50  Marine x3  
  78  13:08  Marine x3  
  80  13:19  Planetary Fortress  
  77  13:23  Refinery  
  77  13:26  Marine x3  
  80  13:34  Siege Tank  
  83  13:43  Marine  
  83  13:44  Marine x2  
  86  14:01  Marine x3  
  87  14:06  Siege Tank  
  70  14:19  Marine x3  
  66  14:37  Marine  
  67  14:39  Marine x2  
  68  14:50  Combat Shields  
  68  14:53  Terran Infantry Armor Level 3  
  68  14:54  Terran Infantry Weapons Level 3  
  68  14:55  Marine  
  68  14:56  Marine  
  68  14:57  Marine  
  67  15:06  Medivac x2  
  71  15:08  Medivac  
  71  15:13  Marine  
  74  15:14  Marine x2  
  59  15:30  Marine  
  59  15:32  Marine x2  
  62  15:41  Bunker  
  62  15:48  Marine  
  63  15:50  Marine x2  
  65  16:06  Marine  
  65  16:08  Marine x2  
  65  16:09  Stimpack  
  68  16:26  Missile Turret  
  68  16:28  Bunker  
  68  16:35  Missile Turret  
  68  16:38  Missile Turret  
  68  16:40  Missile Turret  
  68  16:43  Missile Turret  
  68  16:51  Sensor Tower  
  68  16:52  Siege Tank  
  71  17:01  Command Center  
  71  17:04  Refinery  
  71  17:07  Refinery  
  71  17:23  SCV  
  71  17:24  Siege Tank  
  71  17:28  SCV  
  76  17:35  SCV  
  77  17:40  SCV  
  78  17:47  SCV  
  78  17:49  Bunker  
  79  17:52  SCV  
  80  17:59  Marine x3, SCV  
  80  18:04  SCV  
  85  18:11  SCV  
  86  18:16  SCV  
  86  18:17  Marine x3  
  90  18:31  Planetary Fortress  
  90  18:35  Marine x3  
  93  18:48  Medivac  
  93  18:49  Medivac x2  
  93  18:53  Marine x3  
  102  19:19  Terran Vehicle Weapons Level 1  
  102  19:21  Terran Ship Weapons Level 1  
  102  19:44  Widow Mine  
  99  20:12  Widow Mine  
  97  20:33  Marine x3  
  100  20:41  Widow Mine  
  102  20:51  Marine x3  
  105  21:09  Marine x3, Widow Mine  
  110  21:27  Marine x3  
  110  21:29  Medivac x2  
  117  21:37  Missile Turret  
  117  21:38  Widow Mine  
  117  21:39  Missile Turret  
  119  21:41  Missile Turret  
  119  21:44  Marine  
  119  21:45  Marine x2  
  122  22:00  Command Center  
  122  22:01  Missile Turret  
  122  22:02  Marine x2  
  122  22:03  Marine  
  118  22:32  Missile Turret  
Tags
 
Add a new tag
Caveats
  • Supply blocks, unpowered buildings, or Contaminate may cause inaccurate times.
  • Supply counts are checked every 10 seconds.